 Dungeon Crawl Stone Soup version 0.23-a0-368-g82e90586b2 (webtiles) character file.

25 Napalmbreeze the Grave Robber (level 2, 0/20 HPs)
             Began as a Vampire Necromancer on Oct 24, 2018.
             Slain by a shadow imp (5 damage)
             ... on level 2 of the Dungeon.
             The game lasted 00:03:20 (1171 turns).

Napalmbreeze the Grave Robber (Vampire Necromancer) Turns: 1171, Time: 00:03:21

Health: 0/20       AC:  2    Str:  7    XL:     2   Next: 82%
Magic:  5/5        EV: 13    Int: 17    God:
Gold:   11         SH:  0    Dex: 14    Spells: 3/5 levels left

rFire    . . .     SeeInvis +   d - +1 dagger (protect)
rCold    . . .     Gourm    .   (no shield)
rNeg     + . .     Faith    .   a - +0 robe
rPois    .         Spirit   .   (no helmet)
rElec    .         Reflect  .   (no cloak)
rCorr    .         Harm     .   (no gloves)
MR       .....                  (no boots)
Stlth    ++........             (no amulet)
HPRegen  0.06/turn              (no ring)
MPRegen  0.09/turn              (no ring)

@: no status effects
A: fangs 3, see invisible, unbreathing
a: no special abilities


You were on level 2 of the Dungeon.
You were not thirsty.

You visited 1 branch of the dungeon, and saw 2 of its levels.

You collected 11 gold pieces.

Inventory:

Hand Weapons
 d - a +1 dagger of protection (weapon)
Armour
 a - a +0 robe (worn)
 g - a +0 buckler
Potions
 b - a potion of might {unknown}
 c - 8 potions of blood
 e - 2 potions of agility {unknown}
 f - a potion of curing {unknown}


   Skills:
 + Level 0.8 Fighting
 + Level 2.5 Dodging
 - Level 3.0 Stealth
 + Level 2.2 Spellcasting
 * Level 4.8 Necromancy


You had 3 spell levels left.
You knew the following spells:

 Your Spells              Type           Power        Failure   Level  Hunger
a - Pain                  Necr           ###.         2%          1    #......
s - Animate Skeleton      Necr           N/A          2%          1    #......

Your spell library contained the following spells:

 Spells                   Type           Power        Failure   Level  Hunger
 Vampiric Draining        Necr           ###.......   8%          3    ###....
 Regeneration             Chrm/Necr      ##........   22%         3    ###....
 Animate Dead             Necr           N/A          26%         4    #####..


Dungeon Overview and Level Annotations

Branches:
Dungeon (2/15)

Altars:


Innate Abilities, Weirdness & Mutations

You have razor-sharp teeth.
You have supernaturally acute eyesight. (SInv)
You can survive without breathing.


Message History

A giant cockroach comes into view.
The shadow imp gestures at you. Pain shoots through your body!
You see here 14 stones.
The shadow imp gestures at you. Pain shoots through your body!
You hit the shadow imp.
Your weapon exudes an aura of protection.
The shadow imp is lightly wounded.
The shadow imp closely misses you.
Unknown command.
You closely miss the shadow imp.
The shadow imp is lightly wounded.
The shadow imp hits you.
* * * LOW HITPOINT WARNING * * *
Unknown command.
You barely miss the shadow imp.
The shadow imp is lightly wounded.
The shadow imp hits you.
You die...

#.......!# #.#
#......).# #.##
#........# #..# #..#
#..# #..# ##..# #..#
#######...## #.(#
####...........
###.5###....###..###..
#..ss@...#####..## ##<
###..#(### #.## #.
##...# #.# #. ##..#
#.# #. #..# #.# #.
##.# #.# #. #.## ###
#. #(.## #. #...#


You could see a shadow imp and 2 giant cockroaches.

Vanquished Creatures
  2 dart slugs (D:1)
  A leopard gecko (D:1)
  4 bats (D:1)
  A giant cockroach (D:1)
  3 goblins (D:1)
  A hobgoblin (D:1)
  4 kobolds (D:1)
  2 frilled lizards (D:1)
  2 rats (D:1)
20 creatures vanquished.

Vanquished Creatures (collateral kills)
  A rat (D:1)
1 creature vanquished.

Grand Total: 21 creatures vanquished

Notes
Turn   | Place    | Note
-------+----------+-------------------------------------------
     0 | D:1      | Napalmbreeze the Vampire Necromancer began the quest for
                  | the Orb.
     0 | D:1      | Reached XP level 1. HP: 13/13 MP: 3/3
     3 | D:1      | Learned a level 1 spell: Animate Skeleton
   152 | D:1      | Reached XP level 2. HP: 9/20 MP: 0/5
  1171 | D:2      | Slain by a shadow imp

Vault maps used:
D:1:      dpeg_arrival_simpleton_b, lemuel_old_faithful
D:2:      first_ration, minmay_pentomino_q2, uniq_crazy_yiuf_cottage

Action                   || total
-------------------------++-------
Melee: Bite              ||     5
       Unarmed           ||     2
       Dagger            ||    42
 Cast: Pain              ||    17
       Animate Skeleton  ||     3
  Use: Potion            ||     1
 Stab: Sleeping          ||     3
Armor: Robe              ||     9
Dodge: Dodged            ||    32

Table legend:
 A = Non-vault XP
 B = Vault XP
 C = Vault XP percentage of total XP
 D = Non-vault monster count
 E = Vault monster count
 F = Vault count percentage of total count
                 A         B        C        D         E       F
            +---------+---------+-------+---------+---------+-------
      Total |      36 |       0 |   0.0 |      21 |       0 |   0.0
            +---------+---------+-------+---------+---------+-------
        D:1 |      36 |       0 |   0.0 |      21 |       0 |   0.0
            +---------+---------+-------+---------+---------+-------
